 Dungeon Crawl Stone Soup version 0.32-a0-986-ga09f62fbf4 (webtiles) character file.

Game seed: 13073700729908682247

105082 jasper the Severer (level 15, -5/149 HPs)
             Began as a Mountain Dwarf Fighter on Apr 21, 2024.
             Was the Champion of Okawaru.
             Splashed by a goliath frog's acid (11 damage)
             ... on level 2 of the Swamp.
             The game lasted 00:33:24 (24846 turns).

jasper the Severer (Mountain Dwarf Fighter)        Turns: 24846, Time: 00:33:24

Health: -5/149     AC: 16    Str: 28    XL:     15   Next: 93%
Magic:  20/21      EV: 21    Int: 10    God:    Okawaru [******]
Gold:   1093       SH: 11    Dex:  9    Spells: 14/14 levels left

rFire   + + .        Q - +2 broad axe "Dairepro" {flame, rPois rF+}
rCold   . . .        D - +0 kite shield
rNeg    . . .        G - +0 plate armour
rPois   +            X - +2 hat "Poovet" {Fly rF+ Str+3}
rElec   .            w - +2 cloak
rCorr   .            F - +0 pair of gloves
SInv    .            M - +0 pair of boots
Will    +....        l - amulet of the acrobat Stlth
                     Z - +4 ring of slaying
HPRegen 0.44/turn    (no ring)
MPRegen 0.17/turn

%: acrobat
@: finesse-ful, corroded, acrobatic, flying, slowed, studying 2 skills, very
slow
A: runic magic, artefact enchanting
a: Renounce Religion, Heroism, Finesse, Duel


You were on level 2 of the Swamp.
You worshipped Okawaru.
Okawaru was exalted by your worship.
You visited 4 branches of the dungeon, and saw 23 of its levels.
You also visited: Bailey and Gauntlet.

You collected 1665 gold pieces.
You spent 572 gold pieces at shops.

Inventory:

Hand Weapons
 Q - the +2 broad axe "Dairepro" (weapon) {flame, rPois rF+}
   (You found it in a bailey)

   rF+:       It protects you from fire.
   rPois:     It protects you from poison.
 W - a +6 broad axe of freezing
Missiles
 a - 16 javelins
 f - 6 silver javelins (quivered)
 E - 4 curare-tipped darts
 K - 3 throwing nets
 S - 10 boomerangs
Armour
 w - a +2 cloak (worn)
 D - a +0 kite shield (worn)
 F - a +0 pair of gloves (worn)
 G - a +0 plate armour (worn)
 M - a +0 pair of boots (worn)
 X - the +2 hat "Poovet" (worn) {Fly rF+ Str+3}
   (Okawaru gifted it to you on level 1 of the Lair of Beasts)

   Str+3:     It affects your strength (+3).
   rF+:       It protects you from fire.
   Fly:       It grants you flight.
Jewellery
 l - an amulet of the acrobat (around neck)
 s - a ring of resist corrosion
 P - a ring of fire
 T - a ring of fire
 Z - a +4 ring of slaying (left hand)
Talismans
 c - a granite talisman
Wands
 x - a wand of mindburst (7)
 y - a wand of quicksilver (24)
 z - a wand of iceblast (18)
 C - a wand of flame (49)
 L - a wand of paralysis (13)
 R - a wand of polymorph (8)
 U - a wand of digging (3)
Scrolls
 g - 2 scrolls of revelation
 j - 3 scrolls of poison
 k - 2 scrolls of blinking
 m - 9 scrolls of teleportation
 n - a scroll of enchant armour
 H - 7 scrolls of identify
 I - 4 scrolls of fog
 J - 7 scrolls of fear
 N - 2 scrolls of immolation
 O - 2 scrolls of vulnerability
Potions
 d - 2 potions of enlightenment
 e - 2 potions of berserk rage
 h - a potion of haste
 i - 7 potions of brilliance
 o - 4 potions of curing
 p - a potion of invisibility
 q - 3 potions of cancellation
 r - 4 potions of might
 t - 3 potions of heal wounds
 u - 5 potions of mutation
 v - a potion of attraction
 A - 3 potions of magic
 B - 3 potions of lignification
 V - 2 potions of resistance
Miscellaneous
 b - a phantom mirror
 Y - a tin of tremorstones (1/2)


   Skills:
 + Level 18.0 Fighting
 - Level 18.0 Axes
 - Level 13.0 Armour
 - Level 13.0 Shields
 - Level 8.1 Invocations
 - Level 10.0 Evocations
 + Level 4.2 Shapeshifting


You had 14 spell levels left.
You didn't know any spells.
Your spell library contained the following spells:

 Spells                   Type           Power      Damage    Failure   Level
 Apportation              Tloc           0%         N/A       65%         1
 Necrotise                Necr           0%         1d4       65%         1
 Slow                     Hex            0%         N/A       65%         1
 Sting                    Conj/Alch      0%         1d3       65%         1
 Jinxbite                 Hex            0%         N/A       80%         2
 Mercury Vapours          Alch/Air       0%         N/A       80%         2
 Scorch                   Fire           0%         2d5       80%         2
 Sublimation of Blood     Necr           0%         N/A       80%         2
 Confusing Touch          Hex            0%         N/A       95%         3
 Dazzling Flash           Conj/Hex       0%         N/A       95%         3
 Mephitic Cloud           Conj/Alch/Air  0%         N/A       95%         3
 Stone Arrow              Conj/Erth      0%         3d7       95%         3
 Vampiric Draining        Necr           0%         2d6       95%         3
 Flame Wave               Conj/Fire      0%         2d4       100%        4
 Olgreb's Toxic Radiance  Alch           0%         N/A       100%        4
 Curse of Agony           Necr           0%         N/A       100%        5
 Silence                  Hex/Air        0%         N/A       100%        5
 Yara's Violent Unravell  Hex/Alch       0%         3d3       100%        5
 Conjure Ball Lightning   Conj/Air       0%         3x3d6     100%        6
 Enfeeble                 Hex            0%         N/A       100%        7
 Rimeblight               Ice/Necr       0%         2d3       (prima100%   7
 Discord                  Hex            0%         N/A       100%        8
 Disjunction              Tloc           0%         N/A       100%        8
 Lehudib's Crystal Spear  Conj/Erth      0%         10d2      100%        8
 Summon Small Mammal      Summ           Unusable   N/A       N/A         1
 Animate Armour           Summ/Erth      Unusable   N/A       N/A         4
 Summon Cactus Giant      Summ           Unusable   N/A       N/A         6
 Seismic Cannonade        Alch/Erth      Unusable   6d4       N/A         7

Dungeon Overview and Level Annotations

Branches:
Dungeon (15/15)            Temple (1/1) D:4            Lair (5/5) D:10
  Swamp (2/4) Lair:3       Spider (0/4) Lair:3        Slime (0/5) Lair:4
    Orc (0/2) D:12         Vaults (0/5) D:13         Depths (0/4) D:15
 Bailey (visited)         Gauntlet (visited)

Altars:
Ashenzari
Cheibriados
Dithmenos
Elyvilon
Fedhas
Hepliaklqana
Kikubaaqudgha
Makhleb
Okawaru
Qazlal
Ru
Sif Muna
Trog
Uskayaw
Vehumet
Wu Jian
Xom
Yredelemnul
Zin
The Shining One
Jiyva

Shops:
D:4 :   D:7 ?!   D:12 (

Annotations:
D:4 Pikel
D:12 2 transporters, Vouseare's ghost, journeyman DrSh
Lair:1 1 transporter, Acoak's ghost, journeyman DgEE
Lair:4 1 runed translucent door


Innate Abilities, Weirdness & Mutations

Your spellcasting is much less encumbered by armour.
You can use scrolls of enchantment on lesser artefacts.


Message History

The eight-headed hydra completely misses you.
The eight-headed hydra misses you. The eight-headed hydra bites you!
* * * LOW HITPOINT WARNING * * *
You take 19 damage, and have 8/149 hp.
You feel much better. You block the goliath frog's attack.
The eight-headed hydra bites you but does no damage. x2
The eight-headed hydra bites you.
* * * LOW HITPOINT WARNING * * *
The eight-headed hydra bites you but does no damage.
You block the eight-headed hydra's attack. x2
The eight-headed hydra bites you.
* * * LOW HITPOINT WARNING * * *
The eight-headed hydra barely misses you.
The goliath frog hits you but does no damage.
The tyrant leech bites you.
* * * LOW HITPOINT WARNING * * *
The tyrant leech draws strength from your injuries!
The eight-headed hydra bites you.
* * * LOW HITPOINT WARNING * * *
The eight-headed hydra bites you but does no damage. x2
The eight-headed hydra barely misses you.
The eight-headed hydra bites you but does no damage. x3
The eight-headed hydra bites you.
* * * LOW HITPOINT WARNING * * *
You regained 12 hp, and now have 20/149 hp.
The tyrant leech attacks as it pursues you!
You block the tyrant leech's attack.
The eight-headed hydra bites you but does no damage.
The eight-headed hydra completely misses you.
You block the eight-headed hydra's attack.
The eight-headed hydra completely misses you.
The eight-headed hydra misses you.
The eight-headed hydra bites you but does no damage.
The eight-headed hydra bites you.
* * * LOW HITPOINT WARNING * * *
You block the eight-headed hydra's attack.
The goliath frog hits you from afar!
* * * LOW HITPOINT WARNING * * *
You are splashed with acid!
You die...

~.~~....~
~~..~~..~
§~...§~..
~.~~....♣♣
♣~..~~.~♣
..~~~.♣♣♣
♣.♣♣~..♣♣♣♣
♣@DF~...~♣♣
♣♣♣w§.....♣♣
♣♣w...>~~.♣♣
♣♣..~†..~§~.♣
~.♣w~.~~~.~~~.♣
...~~.....~~~.♣
.~[~~~~.......~♣
~~~~~~.§~/~...♣♣
~~~~~~..~[~!..♣


You could see an eight-headed hydra, a tyrant leech and a goliath frog.

Vanquished Creatures
  Jorgrun (D:14)
  Rupert (D:13)
  Gastronok (Lair:1)
  Kirke (D:14)
  Roxanne (D:15)
  A fenstrider witch (Swamp:2)
  The ghost of Valrug the Brawler, a journeyman TrFi of Wu Jian (Lair:5)
  A very ugly thing (D:15)
  An ironbound preserver (D:13)
  An eleionoma (Swamp:1)
  A bunyip (Swamp:1)
  A minotaur (Gauntlet)
  Harold (D:9)
  An entropy weaver (D:13)
  Josephine (Lair:4)
  Erolcha (D:13)
  A rakshasa (D:15)
  A catoblepas (Lair:5)
  4 alligators
  7 hydras
  5 centaur warriors
  A boulder beetle (D:11)
  2 death knights
  4 death yaks
  3 two-headed ogres
  Erica (Lair:2)
  A tengu warrior (D:14)
  2 death scarabs (Gauntlet)
  Urug (D:13)
  Sonja (D:13)
  Amaemon (Lair:1)
  A goliath frog (Swamp:1)
  3 swamp dragons
  An orb spider (shapeshifter) (D:15)
  A spectral hydra (Gauntlet)
  A glowing orange brain (D:15)
  2 bog bodies
  14 ugly things
  2 deep elf pyromancers
  6 cyclopes
  20 elephants
  A manticore (D:14)
  6 black mambas
  11 cane toads
  A torpor snail (Lair:5)
  An orange demon (Lair:1)
  6 gargoyles
  9 komodo dragons
  A rime drake (shapeshifter) (D:15)
  4 rime drakes
  An unseen horror zombie (D:7)
  2 freezing wraiths
  A queen bee (Gauntlet)
  3 trolls
  8 polar bears
  3 tyrant leeches
  10 hornets
  16 blink frogs
  5 dream sheep (Lair:5)
  A raiju (Gauntlet)
  A spectral black mamba (Gauntlet)
  A centaur simulacrum (D:15)
  2 slime creatures (D:15)
  17 spriggans
  2 shadows (D:10)
  5 wyverns
  Eustachio (D:6)
  4 wraiths (Lair:4)
  A human (D:14)
  55 yaks
  4 hogs (D:14)
  4 steam dragons
  4 basilisks
  10 vampire mosquitoes
  6 swamp worms
  An acid dragon (Bailey)
  Edmund (D:4)
  18 water moccasins
  2 orc warriors
  A hornet zombie (D:7)
  4 ice beasts
  7 black bears
  An elephant zombie (D:8)
  A sky beast (D:8)
  4 boggarts (Lair:5)
  12 centaurs
  3 ogres (Bailey)
  31 wolves
  4 lemures (D:4)
  2 kobold brigands
  17 bullfrogs
  A water moccasin zombie (D:6)
  A gnoll sergeant (D:7)
  8 scorpions
  20 wights
  13 killer bees
  4 howler monkeys
  An electric eel (D:7)
  A crimson imp (D:6)
  A bombardier beetle (D:4)
  4 bullfrog zombies (D:7)
  5 centaur zombies
  2 human zombies (D:8)
  A jelly (D:5)
  4 orc priests
  4 hounds
  2 sleepcaps
  A gnoll bouda (D:9)
  5 iguanas
  12 orc wizards
  A scorpion zombie (D:8)
  Natasha (thrice) (D:2)
  4 killer bee zombies
  An ogre zombie (D:8)
  4 hound zombies (D:8)
  7 howler monkey zombies
  9 gnolls
  11 adders
  2 shadow imps (D:8)
  4 white imps
  An adder zombie (D:8)
  2 dart slugs
  6 ribbon worms
  23 orcs
  9 ball pythons
  7 bats
  12 endoplasms
  5 giant cockroaches
  8 hobgoblins
  9 jackals
  16 kobolds
  6 quokkas
  4 frilled lizards
  10 goblins
  10 rats
  A spectral hobgoblin (D:6)
683 creatures vanquished.

Notes
Turn   | Place    | Note
-------+----------+-------------------------------------------
     0 | D:1      | jasper the Mountain Dwarf Fighter began the quest for the
                  | Orb.
     0 | D:1      | Reached XP level 1. HP: 19/19 MP: 1/1
   188 | D:1      | Reached XP level 2. HP: 17/26 MP: 2/2
   493 | D:1      | Reached XP level 3. HP: 30/31 MP: 3/3
   870 | D:2      | Reached skill level 5 in Axes
   932 | D:2      | Found a faded altar of an unknown god.
  1146 | D:2      | Reached XP level 4. HP: 34/38 MP: 4/4
  1262 | D:2      | Noticed Natasha
  1271 | D:2      | Killed Natasha
  1378 | D:2      | Noticed Natasha
  1388 | D:2      | Killed Natasha
  1389 | D:2      | Reached XP level 5. HP: 44/45 MP: 5/5
  1490 | D:2      | Noticed Natasha
  1498 | D:2      | Killed Natasha
  1870 | D:3      | Found a shimmering altar of Xom.
  2880 | D:4      | Found an ornate altar of the Wu Jian Council.
  2932 | D:4      | Noticed a lemure
  2932 | D:4      | Noticed a lemure
  2933 | D:4      | Noticed a lemure
  2933 | D:4      | Noticed Pikel
  2956 | D:4      | Killed a lemure
  2959 | D:4      | Killed a lemure
  2973 | D:4      | Killed a lemure
  3198 | D:4      | Reached XP level 6. HP: 51/51 MP: 6/6
  3297 | D:4      | Found Noubbar's Book Boutique.
  3360 | D:4      | Noticed Edmund
  3381 | D:4      | Killed Edmund
  3622 | D:4      | Found a staircase to the Ecumenical Temple.
  3650 | Temple   | Entered the Ecumenical Temple
  3659 | Temple   | Became a worshipper of Warmaster Okawaru
  4160 | D:5      | Entered Level 5 of the Dungeon
  4213 | D:5      | Reached XP level 7. HP: 56/57 MP: 7/7
  4264 | D:5      | Identified a scroll of acquirement
  4264 | D:5      | Acquired a +2 broad axe of flaming
  4573 | D:5      | Reached skill level 10 in Axes
  4818 | D:5      | Reached * piety under Okawaru
  4902 | D:5      | Reached XP level 8. HP: 63/63 MP: 8/8
  5274 | D:6      | Reached ** piety under Okawaru
  5388 | D:6      | Noticed Eustachio
  5400 | D:6      | Killed Eustachio
  5892 | D:6      | Found a burning altar of Makhleb.
  5897 | D:6      | Reached XP level 9. HP: 73/73 MP: 9/9
  5950 | D:6      | Reached skill level 5 in Fighting
  5950 | D:6      | Reached skill level 5 in Armour
  5950 | D:6      | Found a basalt altar of Yredelemnul.
  6002 | D:6      | Found a hazy altar of Hepliaklqana.
  6008 | D:6      | Reached skill level 5 in Shields
  6246 | D:7      | Found Sevedd's Magic Scroll Emporium.
  6321 | D:7      | Reached *** piety under Okawaru
  7016 | D:7      | Found Tyoset's Distillery.
  7146 | D:7      | Found a glowing silver altar of Zin.
  7200 | D:7      | Reached **** piety under Okawaru
  7394 | D:7      | Reached XP level 10. HP: 84/84 MP: 10/10
  7775 | D:8      | Found a shimmering blue altar of Sif Muna.
  7876 | D:8      | Found an ancient bone altar of Kikubaaqudgha.
  7914 | D:8      | Reached ***** piety under Okawaru
  7995 | D:8      | Identified the staff of the Rescuing Goat {Str+5 Int+2
                  | Earth}
  8101 | D:7      | Bought a scroll of acquirement for 572 gold pieces
  8101 | D:7      | Acquired a manual of Axes
  8591 | D:9      | Noticed a two-headed ogre
  8591 | D:9      | Noticed Harold
  8607 | D:9      | Killed a two-headed ogre
  8607 | D:9      | Received a gift from Okawaru
  8608 | D:9      | Reached skill level 15 in Axes
  8613 | D:9      | Killed Harold
  9011 | D:9      | Identified the +6 war axe of the Rescuing Gods {protect,
                  | rN+ Str-4 Int+2 Stlth+}
  9141 | D:9      | Found a stormy altar of Qazlal.
  9188 | D:9      | Received a gift from Okawaru
  9193 | D:9      | Reached XP level 11. HP: 80/94 MP: 11/11
  9714 | D:9      | Identified the +1 ring mail "Wuruw" {rN+ Will+ Str+3}
  9803 | D:10     | Entered Level 10 of the Dungeon
  9867 | D:10     | Found a flagged portal.
  9884 | Bailey   | Entered a bailey
 10056 | Bailey   | Noticed a two-headed ogre
 10066 | Bailey   | Killed a two-headed ogre
 10190 | Bailey   | Identified the quicksilver dragon scales "Comp" {Will+
                  | Str+2 Int+2}
 10195 | Bailey   | Identified the +2 broad axe "Dairepro" {flame, rPois rF+}
 10496 | D:10     | Noticed a cyan ugly thing
 10517 | D:10     | Killed a cyan ugly thing
 10517 | D:10     | Received a gift from Okawaru
 10636 | D:10     | Found a staircase to the Lair.
 11310 | D:10     | Found a sacrificial altar of Ru.
 11402 | D:11     | Noticed a boulder beetle
 11435 | D:11     | Killed a boulder beetle
 12102 | Lair:1   | Entered Level 1 of the Lair of Beasts
 12109 | Lair:1   | Received a gift from Okawaru
 12110 | Lair:1   | Reached XP level 12. HP: 106/106 MP: 12/12
 12349 | Lair:1   | Noticed Amaemon
 12372 | Lair:1   | Killed Amaemon
 12373 | Lair:1   | Reached skill level 10 in Fighting
 12373 | Lair:1   | Reached skill level 10 in Armour
 12381 | Lair:1   | Reached skill level 10 in Shields
 12569 | Lair:1   | Found a transporter.
 12579 | Lair:1   | Noticed a hell hog
 12586 | Lair:1   | Noticed Acoak's ghost (journeyman DgEE)
 12603 | Lair:1   | Noticed Gastronok
 12621 | Lair:1   | Killed Gastronok
 12630 | Lair:1   | Reached ****** piety under Okawaru
 12639 | Lair:1   | Acquired a +4 broad axe of freezing
 12639 | Lair:1   | Received a gift from Okawaru
 12641 | Lair:1   | Acquired the +1 hat "Poovet" {Fly rF+ Str+3}
 12641 | Lair:1   | Received a gift from Okawaru
 12809 | Lair:1   | You are sucked into a shaft and drop 1 floor!
 12843 | Lair:2   | Received a gift from Okawaru
 13084 | Lair:2   | Noticed Erica
 13094 | Lair:2   | Killed Erica
 13415 | Lair:2   | Received a gift from Okawaru
 13598 | Lair:2   | Reached XP level 13. HP: 117/117 MP: 13/13
 13878 | Lair:3   | Found a hole to the Spider Nest.
 13981 | Lair:3   | Received a gift from Okawaru
 14366 | Lair:3   | Received a gift from Okawaru
 14570 | Lair:3   | Identified the +0 helmet of Unreason {-Tele Fly rCorr MP+9}
 14766 | Lair:3   | Found a staircase to the Swamp.
 14993 | Lair:4   | Reached skill level 1 in Invocations
 15182 | Lair:4   | Found a runed translucent door.
 15184 | Lair:4   | Found a viscous altar of Jiyva.
 15185 | Lair:4   | Noticed an acid blob
 15185 | Lair:4   | Noticed an acid blob
 15186 | Lair:4   | Found a staircase to the Slime Pits.
 15294 | Lair:4   | Reached skill level 5 in Invocations
 15298 | Lair:4   | Received a gift from Okawaru
 15655 | Lair:4   | Noticed Josephine
 15666 | Lair:4   | Killed Josephine
 16371 | Lair:4   | Reached XP level 14. HP: 126/127 MP: 19/19
 16558 | Lair:5   | Entered Level 5 of the Lair of Beasts
 16568 | Lair:5   | Reached skill level 1 in Evocations
 16816 | Lair:5   | Reached skill level 5 in Evocations
 16826 | Lair:5   | Received a gift from Okawaru
 16829 | Lair:5   | Paralysed by a hornet for 2 turns
 17344 | Lair:5   | Received a gift from Okawaru
 17506 | Lair:5   | Found a runed translucent gate.
 17506 | Lair:5   | Found a runed translucent gate.
 17506 | Lair:5   | Found a runed translucent gate.
 17508 | Lair:5   | Noticed Valrug's ghost (journeyman TrFi)
 17559 | Lair:5   | Killed Valrug's ghost
 18023 | Lair:5   | Reached skill level 10 in Evocations
 18422 | D:12     | Found a transporter.
 18423 | D:12     | Noticed Vouseare's ghost (journeyman DrSh)
 18534 | D:12     | Found a transporter.
 18651 | D:12     | Found Etokhlimi's Weapon Shop.
 18751 | D:12     | Found a staircase to the Orcish Mines.
 19319 | D:13     | Noticed Urug
 19328 | D:13     | Killed Urug
 19569 | D:13     | Noticed Rupert
 19573 | D:13     | Killed Rupert
 19573 | D:13     | Received a gift from Okawaru
 19600 | D:13     | Noticed Erolcha
 19622 | D:13     | Killed Erolcha
 19630 | D:13     | Noticed Sonja
 19649 | D:13     | Killed Sonja
 19658 | D:13     | Found a gate leading to a gauntlet.
 19684 | Gauntlet | Entered a Gauntlet
 19684 | Gauntlet | Found a transporter.
 19852 | Gauntlet | Found a large runed translucent door.
 19853 | Gauntlet | Found a large runed translucent door.
 19854 | Gauntlet | Found a large runed translucent door.
 19854 | Gauntlet | Found a large runed translucent door.
 19854 | Gauntlet | Found a runed translucent door.
 19855 | Gauntlet | Found a large runed translucent door.
 19856 | Gauntlet | Found a large runed translucent door.
 19857 | Gauntlet | Found a large runed translucent door.
 19857 | Gauntlet | Found a large runed translucent door.
 19858 | Gauntlet | Found a runed translucent gate.
 19858 | Gauntlet | Found a runed translucent gate.
 19860 | Gauntlet | Found a transporter.
 19868 | Gauntlet | Found a runed translucent gate.
 19868 | Gauntlet | Found a runed translucent door.
 19869 | Gauntlet | Found a large runed translucent door.
 19869 | Gauntlet | Found a large runed translucent door.
 19870 | Gauntlet | Found a large runed translucent door.
 19871 | Gauntlet | Found a large runed translucent door.
 19875 | Gauntlet | Found a transporter.
 19880 | Gauntlet | Found a transporter.
 19903 | Gauntlet | Found a transporter.
 19913 | Gauntlet | Found a transporter.
 19927 | Gauntlet | Found the ring of the Mage {Wiz Archmagi}
 19928 | Gauntlet | Found a transporter.
 19938 | Gauntlet | Noticed a balrug
 19940 | Gauntlet | Found a transporter.
 19952 | Gauntlet | Found a transporter.
 19964 | Gauntlet | Found a transporter.
 19966 | Gauntlet | Found the ring of the Octopus King
 19981 | Gauntlet | Found a transporter.
 19981 | Gauntlet | Found a transporter.
 20001 | Gauntlet | Found a transporter.
 20021 | Gauntlet | Found a transporter.
 20043 | Gauntlet | Found a transporter.
 20120 | Gauntlet | Found a transporter.
 20146 | Gauntlet | Found a transporter.
 20148 | Gauntlet | Found a transporter.
 20164 | Gauntlet | Found a large runed translucent door.
 20164 | Gauntlet | Found a large runed translucent door.
 20165 | Gauntlet | Found a large runed translucent door.
 20166 | Gauntlet | Found a large runed translucent door.
 20335 | Gauntlet | Reached XP level 15. HP: 120/139 MP: 21/21
 20355 | Gauntlet | Identified the +0 helmet "Fesm" {Str+2 Int+5}
 20464 | Gauntlet | Identified the +7 war axe of Filill {antimagic, Fly}
 20464 | Gauntlet | Identified the +1 ice dragon scales "Cigiqil" {rElec rF-
                  | rC++}
 20464 | Gauntlet | Identified the ring "Putianuu" {rPois rF- rCorr Int+6}
 20481 | Gauntlet | Reached skill level 15 in Fighting
 20622 | D:13     | Found a gate to the Vaults.
 20827 | D:13     | Received a gift from Okawaru
 22450 | D:14     | Noticed Kirke
 22460 | D:14     | Killed Kirke
 22503 | D:14     | Noticed Jorgrun
 22510 | D:14     | Killed Jorgrun
 22613 | D:15     | Entered Level 15 of the Dungeon
 22788 | D:15     | Found a bloodstained altar of Trog.
 22812 | D:15     | Noticed Roxanne
 22825 | D:15     | Killed Roxanne
 23146 | D:15     | Identified the +1 leather armour of the Final Nightcaps
                  | {Will+ Slay+2}
 23411 | D:15     | Found a staircase to the Depths.
 23414 | D:15     | Reached skill level 1 in Shapeshifting
 23415 | D:15     | Received a gift from Okawaru
 23904 | Swamp:1  | Entered Level 1 of the Swamp
 24548 | Swamp:1  | Received a gift from Okawaru
 24678 | Swamp:1  | Identified the +2 ring mail of the Forest {Regen+ Str+3
                  | Int-2 SInv}
 24821 | Swamp:2  | Noticed a fenstrider witch
 24836 | Swamp:2  | Killed a fenstrider witch
 24846 | Swamp:2  | HP: 6/149 [goliath frog (14)]
 24846 | Swamp:2  | Splashed by a goliath frog's acid

Illustrated notes

Levels and vault maps discovered:
D:1:      dpeg_arrival_court, layout_rooms, minivault_25, serial_bayou_pond_d,
          grunt_decor_one_mirror, minmay_misc_feat_columns, minmay_pentomino_t4
D:2:      layout_basic, nicolae_ecumenical_lake_church, minmay_small_reverse_x,
          uniq_natasha
D:3:      minmay_skewed_foursquare, layout_loops_ring,
          mainiacjoe_overflow_surrounded_room, serial_forest,
          infiniplex_forest_straight_3, infiniplex_forest_straight_5,
          infiniplex_forest_zigzag_2, infiniplex_forest_clump_small,
          infiniplex_forest_straight_2, infiniplex_forest_end_1,
          infiniplex_forest_clump_double, infiniplex_forest_clump_tiny,
          minmay_joined_circles
D:4:      layout_basic, grunt_temple_overflow_opulence,
          mainiacjoe_overflow_chevrons, minmay_temple_entry_ruins, serial_shops,
          shop, uniq_pikel, uniq_edmund
D:5:      layout_basic, dk_noncrumbling_4, dreamdust_wishing_well
D:6:      layout_basic, lemuel_zombie_altar_yredelemnul, makhleb_grotto_becter,
          nicolae_hepliaklqana_monster_ancestors, grunt_ministairs_10,
          uniq_eustachio
D:7:      layout_cave_pods, zin_statuary, serial_undead, serial_undead_b,
          serial_undead_c, serial_undead_b, serial_undead_f, serial_undead_a,
          serial_undead_b, serial_undead_d, serial_undead_d, serial_undead_d,
          serial_undead_f, serial_shops, nicolae_shop_industrial_runoff,
          nicolae_stop_n_shop_1, minmay_misc_feat_ornament,
          chequers_serial_rivers_small_3, small_statue_intersection
D:8:      minmay_angry_zag, layout_basic, nicolae_sif_muna_condensation,
          roadster_capsule_ark_zombie
D:9:      layout_irregular_city, pf_just_have_faith, eino_jars, uniq_harold
D:10:     layout_stronghold, nicolae_ru_path_of_blood,
          due_lair_maze_entry_diamond, enter_bailey_5
D:11:     layout_cave_pools
D:12:     cheibrodos_statue_roulette, layout_basic, orc_0_dummy,
          gammafunk_ghost_berserking_beasts, serial_shops, shop
D:13:     layout_stronghold, hellmonk_vaults_order_and_chaos,
          serial_column_ruins, column_ruins_open_small_water,
          column_ruins_corridor_straight, column_ruins_columns_straight,
          column_ruins_open_tiny, column_ruins_open_tiny,
          gauntlet_entry_generic, uniq_erolcha, uniq_sonja, uniq_urug,
          uniq_rupert
D:14:     layout_basic, uniq_kirke, uniq_jorgrun
D:15:     gammafunk_enter_depths_forms, layout_irregular_city,
          minmay_misc_feat_plants, trog_three_pillars_becter, uniq_roxanne
Temple:   hellmonk_temple_of_storms
Lair:1:   layout_loops_ring, gammafunk_ghost_abyssal_escape,
          chequers_serial_rivers_small_a, uniq_amaemon, uniq_gastronok
Lair:2:   layout_roguey, chequers_serial_rivers_room_a, uniq_erica
Lair:3:   hellmonk_destroyed_diamonds, layout_hall_layers,
          minmay_swamp_entry_worms, nicolae_spider_entry_non_spiders,
          lemuel_fruit_fields
Lair:4:   layout_small_grid, slime_entry_2, beast_lair_carwin_7, uniq_josephine
Lair:5:   minmay_lair_end_enchanted_forest, layout_misc_corridors,
          gammafunk_ghost_hydra_chop, grunt_megastairs_2
Swamp:1:  layout_basic_swamp, nicolae_swamp_well_well_well,
          nicolae_swamp_decorative_isthmus
Swamp:2:  layout_basic_swamp, nicolae_swamp_reclaimed_castle

Skill      XL: |  1  2  3  4  5  6  7  8  9 10 11 12 13 14 15 |
---------------+----------------------------------------------+-----
Axes           | 3 4 5 6 7 9 11 12 13 16 18 | 18.0
Fighting       | 4 6 7 9 11 13 14 18 | 18.0
Armour         | 4 6 7 9 11 13 | 13.0
Shields        | 4 6 7 9 11 13 | 13.0
Invocations    | 7 8 |  8.1
Evocations     | 10 | 10.0
Shapeshifting  | 4 |  4.2

Action                     |  1- 3 |  4- 6 |  7- 9 | 10-12 | 13-15 || total
---------------------------+-------+-------+-------+-------+-------++-------
  Melee: War axe           |   121 |   269 |       |       |       ||   390
         Unarmed           |       |     4 |       |       |       ||     4
         Broad axe         |       |       |   265 |   633 |   925 ||  1823
  Throw: Dart              |       |     1 |       |       |       ||     1
         Stone             |       |       |     1 |       |       ||     1
 Invoke: Receive Weapon    |       |       |       |     1 |       ||     1
         Receive Armour    |       |       |       |     1 |       ||     1
         Finesse           |       |       |       |       |     4 ||     4
         Heroism           |       |       |       |       |     2 ||     2
  Evoke: Wand              |       |       |     1 |     4 |     4 ||     9
         Tin of tremorston |       |       |       |       |     3 ||     3
    Use: Potion            |     1 |     2 |       |     1 |     7 ||    11
         Scroll            |     2 |    12 |    11 |     3 |     8 ||    36
   Stab: Petrified         |       |       |       |       |     1 ||     1
 Armour: Scale mail        |     7 |       |       |       |       ||     7
         Chain mail        |    99 |   170 |   231 |    18 |       ||   518
         Skin              |       |    12 |       |       |       ||    12
         Plate armour      |       |       |       |   422 |   751 ||  1173
  Dodge: Dodged            |    54 |   143 |   144 |   160 |   348 ||   849
  Block: Buckler           |    39 |    86 |    74 |       |       ||   199
         Kite shield       |       |       |    36 |   312 |   582 ||   930

Table legend: (Time is in decaauts)
 A = Elapsed time spent in this place.
 B = Non-inter-level travel time spent in this place.
 C = Inter-level travel time spent in this place.
 D = Time resting spent in this place.
 E = Time spent auto-exploring this place.
 F = Levels seen in this place.
 G = Mean time per level.
                   A        B        C        D        E       F      G
               +--------+--------+--------+--------+--------+-----+--------+
         Total |  24712 |  23672 |   1040 |   1255 |  17732 |  25 |  988.5 |
       Dungeon |  16289 |  15592 |    697 |    565 |  11973 |  15 | 1085.9 |
        Temple |    138 |    122 |     16 |    120 |      0 |   1 |  138.0 |
          Lair |   6179 |   5879 |    300 |    344 |   4441 |   5 | 1235.8 |
         Swamp |    919 |    893 |     26 |      0 |    687 |   2 |  459.5 |
        Bailey |    367 |    367 |      0 |    100 |    173 |   1 |  367.0 |
      Gauntlet |    818 |    818 |      0 |    126 |    457 |   1 |  818.0 |
               +--------+--------+--------+--------+--------+-----+--------+

Top non-repeatable levels by time:
  Lair:5: 1667 daAuts
  Lair:4: 1608 daAuts
  Lair:2: 1401 daAuts
     D:9: 1361 daAuts
    D:13: 1308 daAuts
     D:3: 1293 daAuts
    D:10: 1265 daAuts
     D:7: 1262 daAuts
     D:6: 1193 daAuts
     D:4: 1169 daAuts
    D:14: 1167 daAuts
    D:15: 1107 daAuts
     D:8: 928 daAuts
    D:12: 928 daAuts
     D:5: 902 daAuts
